 Dungeon Crawl Stone Soup version 0.27-a0-291-gd9602db (webtiles) character file.

Game seed: 16458094852151039939

646556 PublicAnimeNo1 the Warrior (level 27, -11/226 HPs)
             Began as a Human Earth Elementalist on Feb 8, 2021.
             Was the Champion of Ashenzari.
             Killed from afar by a purple draconian (26 damage)
             ... with a bolt of dispelling energy
             ... on level 1 of the Realm of Zot on Feb 9, 2021.
             The game lasted 03:28:31 (86512 turns).

PublicAnimeNo1 the Warrior (HuEE)                  Turns: 86512, Time: 03:28:31

Health: -11/226    AC: 35    Str: 24    XL:     27
Magic:  46/46      EV: 26    Int: 27    God:    Ashenzari [******]
Gold:   6449       SH: 22    Dex: 17    Spells: 2/46 levels left

rFire    + + .     SeeInvis +   a - +12 Vampire's Tooth {vamp}
rCold    + . .     Faith    .   N - +2 kite shield (curse)
rNeg     + . .     Spirit   .   X - +8 pearl dragon scales (curse)
rPois    .         Reflect  +   t - +2 helmet {SInv} (curse)
rElec    +         Harm     .   h - +2 cloak "Viguarim" {rElec} (curse)
rCorr    .         Rampage  .   e - +2 pair of gloves {Stlth+} (curse)
Will     ++...     Clarity  +   I - +2 pair of boots {run} (curse)
Stlth    +++++.....             p - amulet "Exkuot" {Reflect +Inv SH+5} (curse)
HPRegen  0.47/turn              Z - ring "Dekligg" {rElec rF+ MP+9 Str+7}
MPRegen  0.30/turn              k - ring of Daqot {rF+ rC+ Int+4 Stlth+} (curse)

@: corroded, quick
A: agile 1, clever 1, strong 1
}: 4/15 runes: decaying, silver, abyssal, gossamer
a: Renounce Religion, Evoke Invisibility, Curse Item, Scrying, Transfer
Knowledge


You were on level 1 of the Realm of Zot.
You worshipped Ashenzari.
Ashenzari was exalted by your worship.
You visited 11 branches of the dungeon, and saw 50 of its levels.
You visited the Abyss 2 times.
You visited 1 bazaar.
You also visited: Sewer, Gauntlet, Ice Cave and Volcano.

You collected 9561 gold pieces.
You spent 3112 gold pieces at shops.

Inventory:

Hand Weapons
 a - the +12 Vampire's Tooth (weapon) {vamp}
   (You found it on level 11 of the Dungeon)

   It inflicts no extra harm, but heals its wielder when it wounds a living foe.
 b - the +8 mithril axe "Arga" {speed, Will+}
   (You found it on level 3 of the Elven Halls)

   Attacks with this weapon are significantly faster.
   It affects your willpower, your defense against some magical effects.
Armour
 e - a cursed +2 pair of gloves of stealth (worn)
 h - the cursed +2 cloak "Viguarim" (worn) {rElec}
   (You found it in a Gauntlet)

   It insulates you from electricity.
   It has a curse placed upon it.
 t - a cursed +2 helmet of see invisible (worn)
 I - a cursed +2 pair of boots of running (worn)
 N - a cursed +2 kite shield (worn)
 X - cursed +8 pearl dragon scales (worn)
Jewellery
 k - the cursed ring of Daqot (right hand) {rF+ rC+ Int+4 Stlth+}
   (You bought it in a shop in a bazaar)

   [ring of protection from fire]

   It affects your intelligence (+4).
   It protects you from fire.
   It protects you from cold.
   It makes you more stealthy.
   It has a curse placed upon it.
 p - the cursed amulet "Exkuot" (around neck) {Reflect +Inv SH+5}
   (You bought it in a shop on level 5 of the Dungeon)

   [amulet of reflection]

   It shields you and reflects attacks.
   It lets you turn invisible.
   It affects your SH (+5).
   It has a curse placed upon it.
 z - the ring of Orany {Ice rElec rPois Int+4}
   (You took it off a deep elf blademaster on level 3 of the Elven Halls)

   [ring of ice]

   It enhances your ice magic.
   It affects your intelligence (+4).
   It makes you vulnerable to fire.
   It protects you from cold.
   It insulates you from electricity.
   It protects you from poison.
 B - an uncursed ring of resist corrosion
 Z - the ring "Dekligg" (left hand) {rElec rF+ MP+9 Str+7}
   (You bought it in a shop on level 3 of the Vaults)

   [ring of magical power]

   It affects your strength (+7).
   It protects you from fire.
   It insulates you from electricity.
   It affects your magic capacity (+9).
Wands
 c - a wand of iceblast (38)
 A - a wand of flame (92)
 E - a wand of acid (4)
 F - a wand of mindburst (54)
 G - a wand of charming (24)
 K - a wand of digging (24)
 Q - a wand of paralysis (58)
Scrolls
 i - 27 scrolls of teleportation
 l - 18 scrolls of remove curse
 m - 7 scrolls of blinking
 n - 11 scrolls of immolation
 w - 33 scrolls of identify
 x - 9 scrolls of amnesia
 y - a scroll of enchant armour
 L - 10 scrolls of fear
 R - 3 scrolls of holy word
 S - 6 scrolls of fog
 T - 3 scrolls of vulnerability
 V - a scroll of silence
 W - 3 scrolls of magic mapping
Potions
 d - 31 potions of curing
 f - 3 potions of flight
 g - 13 potions of might
 j - 8 potions of heal wounds
 o - 6 potions of haste
 q - 7 potions of mutation
 r - 7 potions of resistance
 s - 8 potions of brilliance
 u - 3 potions of magic
 v - a potion of cancellation
 D - 8 potions of ambrosia
 O - 2 potions of invisibility
 Y - 7 potions of attraction
Miscellaneous
 M - a phantom mirror
 U - a condenser vane


   Skills:
 + Level 20.6 Fighting
 - Level 8.0 Short Blades
 - Level 18.0 Axes
 + Level 17.4(21.1) Armour
 + Level 19.3(22.9) Dodging
 - Level 13.0 Stealth
 - Level 12.3(15.0) Shields
 - Level 10.0 Spellcasting
 - Level 4.6(7.5) Conjurations
 + Level 10.8(13.5) Hexes
 - Level 11.9(14.6) Necromancy
 - Level 6.0(9.1) Translocations
 - Level 10.5(13.3) Transmutations
 - Level 15.8(18.3) Earth Magic
 - Level 9.0(11.9) Evocations


You had 2 spell levels left.
You knew the following spells:

 Your Spells              Type           Power        Failure   Level
a - Dispel Undead         Necr           75%          1%          4
b - Animate Dead          Necr           37%          1%          4
c - Passwall              Tmut/Erth      65%          1%          2
d - Lee's Rapid Deconstr  Erth           42%          1%          5
e - Apportation           Tloc           100%         1%          1
f - Animate Skeleton      Necr           100%         1%          1
g - Statue Form           Tmut/Erth      52%          1%          6
h - Borgnjor's Vile Clut  Necr/Erth      40%          1%          5
i - Wereblood             Tmut           71%          1%          2
j - Blink                 Tloc           N/A          1%          2
k - Lesser Beckoning      Tloc           29%          1%          3
l - Animate Armour        Summ/Erth      100%         1%          4
m - Silence               Hex/Air        25%          12%         5

Your spell library contained the following spells:

 Spells                   Type           Power        Failure   Level
 Sandblast                Erth           100%         0%          1
 Beastly Appendage        Tmut           100%         1%          1
 Corona                   Hex            80%          1%          1
 Foxfire                  Conj/Fire      100%         1%          1
 Magic Dart               Conj           100%         1%          1
 Pain                     Necr           100%         1%          1
 Corpse Rot               Necr/Air       N/A          1%          2
 Ensorcelled Hibernation  Hex/Ice        100%         1%          2
 Searing Ray              Conj           100%         1%          2
 Slow                     Hex            72%          1%          2
 Sublimation of Blood     Necr           37%          1%          2
 Freeze                   Ice            60%          7%          1
 Summon Small Mammal      Summ           60%          7%          1
 Call Imp                 Summ           15%          10%         2
 Poisonous Vapours        Pois/Air       30%          10%         2
 Swiftness                Air            15%          10%         2
 Confusing Touch          Hex            72%          1%          3
 Dazzling Flash           Conj/Hex       100%         1%          3
 Gell's Gravitas          Tloc           29%          1%          3
 Inner Flame              Hex/Fire       50%          1%          3
 Portal Projectile        Hex/Tloc       100%         1%          3
 Spider Form              Tmut/Pois      25%          1%          3
 Stone Arrow              Conj/Erth      100%         1%          3
 Summon Guardian Golem    Hex/Summ       50%          1%          3
 Teleport Other           Tloc           58%          1%          3
 Tukima's Dance           Hex            72%          1%          3
 Vampiric Draining        Necr           37%          1%          3
 Cause Fear               Hex            36%          1%          4
 Fulminant Prism          Conj/Hex       31%          1%          4
 Leda's Liquefaction      Hex/Erth       39%          1%          4
 Passage of Golubria      Tloc           N/A          1%          4
 Petrify                  Tmut/Erth      78%          1%          4
 Agony                    Necr           75%          1%          5
 Blade Hands              Tmut           35%          1%          5
 Excruciating Wounds      Necr           37%          1%          5
 Yara's Violent Unravell  Hex/Tmut       36%          1%          5
 Iskenderun's Mystic Bla  Conj/Tloc      55%          2%          4
 Ignite Poison            Fire/Tmut/Pois 39%          3%          3
 Irradiate                Conj/Tmut      31%          3%          5
 Conjure Flame            Conj/Fire      35%          4%          3
 Ice Form                 Ice/Tmut       50%          4%          4
 Hydra Form               Tmut           35%          4%          6
 Invisibility             Hex            72%          4%          6
 Bolt of Magma            Conj/Fire/Erth 28%          6%          5
 Iron Shot                Conj/Erth      35%          6%          6
 Mephitic Cloud           Conj/Pois/Air  28%          8%          3
 Iskenderun's Battlesphe  Conj           53%          10%         5
 Metabolic Englaciation   Hex/Ice        25%          12%         5
 Alistair's Intoxication  Tmut/Pois      33%          13%         5
 Hailstorm                Conj/Ice       35%          16%         4
 Sticky Flame             Conj/Fire      35%          16%         4
 Call Canine Familiar     Summ           15%          21%         3
 Frozen Ramparts          Ice            30%          21%         3
 Ozocubu's Armour         Ice            15%          21%         3
 Dragon Form              Tmut           35%          28%         7
 Fireball                 Conj/Fire      17%          38%         5
 Simulacrum               Ice/Necr       26%          50%         6
 Airstrike                Air            7%           54%         4
 Summon Ice Beast         Ice/Summ       15%          54%         4
 Summon Lightning Spire   Summ/Air       15%          54%         4
 Discord                  Hex            36%          90%         8
 Conjure Ball Lightning   Conj/Air       17%          93%         6
 Starburst                Conj/Fire      17%          93%         6
 Orb of Destruction       Conj           26%          96%         7
 Freezing Cloud           Conj/Ice/Air   14%          98%         6
 Shatter                  Erth           42%          99%         9
 Shadow Creatures         Summ           N/A          100%        6
 Ozocubu's Refrigeration  Ice            7%           100%        7
 Spellforged Servitor     Conj/Summ      17%          100%        7
 Ignition                 Fire           7%           100%        8
 Tornado                  Air            7%           100%        9


Dungeon Overview and Level Annotations

Branches:
Dungeon (15/15)            Temple (1/1) D:5            Lair (6/6) D:8
  Swamp (4/4) Lair:4       Spider (4/4) Lair:2        Slime (0/5) Lair:5
    Orc (2/2) D:9             Elf (3/3) Orc:2        Vaults (5/5) D:14
  Crypt (3/3) Vaults:3       Tomb (0/3) Crypt:3      Depths (5/5) D:15
    Zot (2/5) Depths:5      Sewer (visited)           IceCv (visited)
Volcano (visited)         Gauntlet (visited)

Altars:
Ashenzari
Cheibriados
Dithmenos
Elyvilon
Fedhas
Gozag
Hepliaklqana
Kikubaaqudgha
Makhleb
Nemelex Xobeh
Okawaru
Qazlal
Ru
Sif Muna
Trog
Uskayaw
Vehumet
Wu Jian
Xom
Yredelemnul
Zin
The Shining One
Beogh

Shops:
D:5 =   D:12 *   Orc:1 :   Orc:2 :(!*?   Elf:1 (   Vaults:3 =   Vaults:4 ?

Portals:
Hell: Depths:1 Depths:2 Depths:3 Depths:4 Depths:5
Abyss: Depths:4 Depths:5
Pandemonium: Depths:1 Depths:3 Depths:4
Ziggurat: Depths:3
Trove: D:13 (give +5 demon trident)

Annotations:
D:8 1 runed translucent door, MrDizzy's ghost, novice TeSu
Lair:2 exclusion: oklob plant
Lair:5 Rupert
Lair:6 exclusion: oklob plant
Elf:2 3 runed translucent doors
Elf:3 exclusion: door
Depths:2 3 runed translucent doors, Faukhymm's ghost, adept SpBe; Vaum's ghost, adept DsFi; Xoigiphe's ghost, veteran MfBe; Zaaphus's ghost, adept TrMo; taqueso's ghost, adept DsBe


Innate Abilities, Weirdness & Mutations

You are agile. (Dex +2)
Your mind is acute. (Int +2)
Your muscles are strong. (Str +2)


Message History

The poison arrow hits you!!
You are poisoned.
* * * LOW HITPOINT WARNING * * *
Unknown command.
You feel sick.
The purple draconian knight is no longer moving quickly.
The yellow draconian throws acid at you.
The glob of acid hits you but does no damage.
The acid corrodes you!
You are splashed with acid!
* * * LOW HITPOINT WARNING * * *
The white draconian annihilator casts a spell.
The white draconian annihilator blinks!
You climb upwards.
You feel sick.
There is a stone staircase leading down here.
You feel better.
You block the yellow draconian's attack.
The purple draconian breathes dispelling energy at you.
The bolt of dispelling energy hits you!!
Your magical effects are unravelling.
You die...

#...# #......#
#...# #......#
#...##### #.....##
#.......# #.....#
#.......####.....#
#[......##.......#
#####...##.......#
#...##......d#
#...####...@d#
#...# #..[..##
######...#
#.....(#
.........#
#.....>##
.........#
###.....#
.........# #.....#
.######'##
#.....## .#.###..#
#......# .#.....##
#......######


You could see a yellow draconian (catching breath) and a purple draconian
(catching breath).

Vanquished Creatures
  2 dread liches (Vaults:5)
  2 juggernauts
  An ancient lich (Crypt:3)
  Boris (Depths:4)
  Frederick (Crypt:3)
  Saint Roka (Vaults:5)
  A caustic shrike (Depths:3)
  5 golden dragons
  Jory (Depths:5)
  Nikola (Vaults:3)
  2 profane servitors (Crypt:3)
  A pearl dragon (Depths:1)
  2 electric golems (Zot:1)
  An Ice Fiend (IceCv)
  8 tentacled monstrosities
  4 deep elf blademasters (Elf:3)
  Asterion (Vaults:2)
  14 liches
  10 titans
  A tentacled starspawn (Abyss:3)
  8 ancient champions
  3 deep elf master archers (Elf:3)
  An Executioner (Abyss:3)
  2 death cobs (Zot:2)
  Kirke (D:13)
  8 sphinxes
  10 shadow dragons
  A draconian monk (Zot:2)
  13 tengu reavers
  A thorn hunter (Abyss:3)
  4 storm dragons
  An azure jelly (Spider:4)
  A fenstrider witch (Swamp:1)
  2 revenants
  2 draconian knights
  10 frost giants
  An iron dragon (Vaults:5)
  15 fire giants
  17 vault wardens
  A curse skull (Crypt:3)
  10 deep elf sorcerers
  An orc warlord (Vaults:5)
  8 deep elf elementalists
  9 emperor scorpions
  Louise (Depths:5)
  4 spriggan defenders (Depths:3)
  6 ghost moths
  A draconian stormcaller (Zot:1)
  17 very ugly things
  A draconian annihilator (Depths:5)
  A reaper (Crypt:2)
  5 ghouls
  10 ironheart preservers
  21 stone giants
  3 war gargoyles (Vaults:5)
  An ophan (Depths:1)
  9 vampire knights
  Nessos (D:13)
  2 yellow draconians (Depths:5)
  3 red draconians
  An apis (Depths:1)
  5 deep elf demonologists
  2 black draconians
  A green draconian (Depths:5)
  2 purple draconians
  A bunyip (Swamp:4)
  9 deep elf annihilators
  A minotaur (Gauntlet)
  A white draconian (Zot:1)
  4 entropy weavers
  4 spark wasps
  5 eidola
  A bunyip (shapeshifter) (Depths:3)
  13 ettins
  2 mummy priests (Crypt:3)
  12 deep elf death magi
  A quicksilver dragon zombie (Crypt:3)
  A green death (Depths:4)
  17 yaktaur captains
  11 fire dragons
  4 eleionomae
  16 jiangshi
  5 deep elf high priests
  9 great orbs of eyes
  6 hydras
  Erolcha (D:10)
  15 ice dragons
  31 vault guards
  6 rakshasas
  17 ogre magi
  A catoblepas (Lair:6)
  12 boulder beetles
  4 spriggan air magi
  9 centaur warriors
  4 ghost crabs
  3 death knights
  5 deep troll shamans
  10 alligators
  3 satyrs (Abyss:3)
  10 death yaks (Lair:6)
  11 deep troll earth magi
  52 two-headed ogres
  3 tengu warriors
  2 thrashing horrors
  15 dancing weapons
  21 deep elf knights
  7 vampire magi
  8 spriggan berserkers
  10 spriggans
  10 hell knights
  2 sun demons (Depths:4)
  Sonja (D:11)
  3 shadow wraiths
  2 soul eaters
  25 skeletal warriors
  A wretched star (Abyss:3)
  A fire crab (Volcano)
  A golden dragon zombie (Crypt:2)
  3 iron trolls
  4 unseen horrors
  5 goliath frogs
  6 swamp dragons
  7 flayed ghosts
  7 glowing orange brains
  6 spriggan druids
  A harpy (shapeshifter) (Vaults:4)
  An unseen horror (shapeshifter) (D:13)
  15 deep elf archers
  14 orc knights
  An iron dragon zombie (Depths:1)
  10 bog bodies
  17 deep trolls
  2 lindwurms
  2 golden dragon skeletons
  15 ironbrand convokers
  15 phantasmal warriors
  An anaconda skeleton (Crypt:2)
  5 wizards
  27 deep elf zephyrmancers
  An oklob plant (Lair:2)
  16 orb spiders
  Pikel (D:4)
  32 deep elf pyromancers
  A mana viper (shapeshifter) (Depths:4)
  11 necromancers
  23 ugly things
  2 frost giant zombies (Crypt:2)
  A wolf spider zombie (D:12)
  2 orc sorcerers
  11 harpies
  12 moths of wrath
  29 wolf spiders
  3 cyclopes
  A worldbinder (Abyss:3)
  2 fire giant zombies
  2 will-o-the-wisps (Swamp:4)
  7 elephants
  3 moths of wrath (shapeshifter)
  An iron dragon skeleton (Crypt:2)
  4 manticores
  Joseph (D:8)
  A stone giant skeleton (Crypt:3)
  3 black mambas
  A guardian serpent (Abyss:3)
  An apocalypse crab (Abyss:3)
  2 black mambas (shapeshifter)
  A shock serpent zombie (Crypt:3)
  An ice statue (IceCv)
  13 cane toads
  A cane toad (shapeshifter) (Vaults:2)
  23 vault sentinels
  4 gargoyles
  2 centaur zombies
  A smoke demon (Abyss:4)
  A shock serpent skeleton (Crypt:3)
  5 torpor snails
  A frost giant skeleton (Depths:1)
  5 spectral swamp worms (Depths:2)
  Psyche (D:11)
  A white draconian zombie (Crypt:1)
  44 yaktaurs
  6 rime drakes
  3 rime drakes (shapeshifter)
  13 demonic crawlers
  3 dire elephant skeletons
  27 freezing wraiths
  10 komodo dragons
  A spriggan zombie (Depths:1)
  3 anaconda simulacra
  An iron troll zombie (Crypt:1)
  An efreet (Abyss:3)
  5 ice devils (IceCv)
  2 emperor scorpion zombies
  7 guardian mummies
  A silent spectre (Depths:2)
  An ancient zyme (Abyss:3)
  A golden dragon simulacrum (IceCv)
  6 tengu conjurers
  A hydra zombie (Crypt:3)
  6 trolls
  A minotaur skeleton (Crypt:3)
  3 spriggan skeletons
  A yellow draconian skeleton (Crypt:3)
  5 bloated husks
  36 jumping spiders
  2 queen bees (shapeshifter)
  2 shadow dragon simulacra
  6 tyrant leeches
  16 hornets
  Grinder (D:3)
  A moth of wrath zombie (Crypt:1)
  A polar bear (Lair:6)
  12 blink frogs
  A sphinx simulacrum (Vaults:1)
  A wind drake (shapeshifter) (Vaults:1)
  34 slime creatures
  2 dream sheep (Lair:6)
  2 raiju (shapeshifter)
  A harpy skeleton (D:14)
  A deep troll zombie (Depths:1)
  A stone giant simulacrum (Depths:1)
  An ice dragon zombie (Depths:1)
  16 flying skulls
  An ice dragon skeleton (Crypt:2)
  2 fire dragon zombies (Crypt:3)
  95 redbacks
  A fire giant simulacrum (Vaults:1)
  4 air elementals
  A redback (shapeshifter) (Depths:3)
  4 shadows
  A black mamba zombie (Crypt:3)
  11 wraiths
  A satyr skeleton (Crypt:3)
  5 wyverns
  A dire elephant simulacrum (Crypt:1)
  An alligator skeleton (Crypt:1)
  40 yaks
  36 tarantellas
  3 ushabtiu (Crypt:3)
  2 ynoxinuls
  2 fire elementals
  4 basilisks
  3 golden eyes (Abyss:3)
  A golden eye (shapeshifter) (Vaults:2)
  2 small abominations (Abyss:4)
  10 water elementals
  Grum (D:11)
  5 steam dragons
  A wind drake skeleton (Crypt:3)
  A large abomination (Abyss:4)
  2 yaktaur simulacra (Vaults:2)
  12 vampire mosquitoes
  A chaos spawn (Depths:4)
  Menkaure (D:6)
  A spatial vortex (Abyss:3)
  6 wargs
  3 swamp worm simulacra (Swamp:4)
  11 swamp worms
  5 harpy simulacra (IceCv)
  An iron troll simulacrum (IceCv)
  4 hell hounds (Volcano)
  A soldier ant (D:11)
  2 acid dragons
  A floating eye (Depths:3)
  A floating eye (shapeshifter) (Depths:3)
  15 hydra simulacra
  7 water moccasins
  A monstrous demonspawn skeleton (Crypt:3)
  8 starcursed masses
  2 ice beasts
  A cane toad skeleton (Crypt:2)
  An alligator simulacrum (IceCv)
  A black bear (shapeshifter) (D:13)
  3 black bears
  2 necrophages
  A snapping turtle zombie (Crypt:3)
  7 swamp drakes
  55 orc warriors
  5 sky beasts
  An eye of draining (D:14)
  A sky beast (shapeshifter) (Depths:4)
  15 wolves
  A hornet zombie (D:13)
  A boggart (shapeshifter) (Vaults:5)
  3 ettin simulacra
  A centaur (shapeshifter) (Vaults:5)
  37 ogres
  12 boggarts
  A swamp dragon skeleton (Crypt:1)
  2 lemures (D:3)
  4 phantoms
  A snapping turtle skeleton (Crypt:3)
  30 centaurs
  An elf zombie (Crypt:1)
  A kobold brigand (D:7)
  4 earth elementals
  26 bullfrogs
  A yaktaur skeleton (Crypt:2)
  A wyvern skeleton (Crypt:1)
  A raiju zombie (Crypt:2)
  4 scorpions
  An elephant simulacrum (IceCv)
  15 killer bees
  14 wights
  3 howler monkeys
  5 electric eels
  A troll skeleton (Crypt:1)
  A lava snake (Lair:3)
  A human simulacrum (Vaults:2)
  A human zombie (Crypt:1)
  8 jellies
  A quasit (D:10)
  A draconian simulacrum (IceCv)
  6 centaur skeletons
  17 orc priests
  A gnoll shaman (Orc:2)
  3 hounds
  2 human skeletons (Crypt:1)
  8 bullfrog zombies
  An iron imp (Depths:1)
  4 bullfrog skeletons
  10 iguanas
  28 orc wizards
  A black bear skeleton (Crypt:2)
  Natasha (thrice) (D:4)
  2 troll simulacra (IceCv)
  12 worker ants
  A spriggan simulacrum (IceCv)
  A wolf simulacrum (IceCv)
  2 tengu zombies
  A centaur simulacrum (IceCv)
  A felid skeleton (Crypt:3)
  A hound zombie (D:10)
  17 mummies
  A hound skeleton (Crypt:2)
  Robin (D:4)
  11 gnolls
  18 adders
  A howler monkey skeleton (Crypt:3)
  2 naga simulacra (IceCv)
  3 ogre simulacra (IceCv)
  A shadow imp (D:6)
  8 white imps
  5 ufetubi
  2 oozes (D:1)
  5 swamp drake simulacra (Swamp:4)
  2 adder zombies (D:7)
  A halfling zombie (Crypt:1)
  2 adder skeletons
  4 worms
  A barachi skeleton (Crypt:3)
  A barachi zombie (Crypt:2)
  3 dart slugs
  10 leopard geckos
  121 orcs
  16 giant cockroaches
  12 goblins
  10 hobgoblins
  13 jackals
  5 quokkas
  9 ball pythons
  12 bats
  9 frilled lizards
  13 kobolds
  A leopard gecko skeleton (Crypt:1)
  A leopard gecko zombie (Crypt:2)
  A quokka skeleton (Crypt:3)
  5 rats
  A lurking horror (Abyss:3)
2437 creatures vanquished.

Vanquished Creatures (collateral kills)
  2 stone giants (Depths:2)
  A great orb of eyes (Depths:2)
  An ice dragon (Depths:2)
  A rakshasa (Depths:2)
  3 ugly things (Depths:2)
8 creatures vanquished.

Vanquished Creatures (others)
  A lich (Depths:3)
  A vault warden (Vaults:3)
  A two-headed ogre (Depths:1)
  A deep elf knight (Elf:2)
  3 spriggans (Swamp:3)
  A goliath frog (Swamp:3)
  A spriggan druid (Swamp:3)
  A deep elf archer (Vaults:3)
  A deep elf pyromancer (Elf:1)
  A deep elf zephyrmancer (Elf:1)
  3 hornets (Swamp:3)
  4 bloated husks
  A hornet (shapeshifter) (Vaults:3)
  A redback (Spider:2)
  A swamp worm (Swamp:4)
  An orc warrior (Orc:2)
  An ogre (Vaults:2)
  2 centaurs (Orc:2)
  An iguana (Lair:6)
  2 white imps (IceCv)
  An ufetubus (IceCv)
  3 orcs (Orc:2)
  2 foxfires (Swamp:4)
  30 fungi
  78 plants
  4 starspawn tentacles (Abyss:3)
147 creatures vanquished.

Grand Total: 2592 creatures vanquished

Notes
Turn   | Place    | Note
-------+----------+-------------------------------------------
     0 | D:1      | PublicAnimeNo1 the Human Earth Elementalist began the quest
                  | for the Orb.
     0 | D:1      | Reached XP level 1. HP: 13/13 MP: 3/3
   273 | D:1      | Reached XP level 2. HP: 19/19 MP: 1/5
   948 | D:1      | Reached XP level 3. HP: 24/24 MP: 6/6
  2104 | D:2      | Reached XP level 4. HP: 30/30 MP: 4/7
  2109 | D:2      | Learned a level 4 spell: Petrify
  2613 | D:2      | Learned a level 2 spell: Passwall
  2734 | D:2      | Found a white marble altar of Elyvilon.
  3619 | D:2      | Reached skill level 1 in Fighting
  3878 | D:3      | Reached skill level 5 in Earth Magic
  3878 | D:3      | Reached XP level 5. HP: 37/37 MP: 5/8
  3979 | D:3      | Noticed an ogre
  4245 | D:3      | Reached skill level 1 in Short Blades
  4853 | D:3      | Noticed Grinder
  5489 | D:4      | Reached XP level 6. HP: 18/44 MP: 0/9
  5766 | D:4      | Noticed Robin
  5805 | D:3      | Killed an ogre
  5806 | D:3      | Reached skill level 2 in Fighting
  6050 | D:4      | Found a sacrificial altar of Ru.
  6078 | D:4      | Noticed Pikel
  6318 | D:4      | Noticed Natasha
  6324 | D:4      | Killed Natasha
  6328 | D:4      | Reached XP level 7. HP: 38/50 MP: 2/10
  6513 | D:3      | Killed Grinder
  6574 | D:3      | Found a bloodstained altar of Trog.
  7063 | D:4      | Noticed Natasha
  7157 | D:4      | Became a worshipper of Ru the Awakened
  7499 | D:5      | Entered Level 5 of the Dungeon
  7570 | D:5      | Found Saipruc's Jewellery Boutique.
  7779 | D:5      | Reached XP level 8. HP: 56/56 MP: 7/11
  8137 | D:5      | Found a burning altar of Makhleb.
  8253 | D:5      | Found a shimmering altar of Xom.
  8254 | D:5      | Found a hazy altar of Hepliaklqana.
  8254 | D:5      | Noticed a Killer Klown
  8255 | D:5      | Noticed a spectral ugly thing
  8255 | D:5      | Noticed a Killer Klown
  8322 | D:5      | Found a blossoming altar of Fedhas.
  8589 | D:5      | Found a sparkling altar of Nemelex Xobeh.
  8649 | D:5      | Found a staircase to the Ecumenical Temple.
  8771 | Temple   | Entered the Ecumenical Temple
  9048 | Temple   | Fell from the grace of Ru
  9048 | Temple   | Became a worshipper of Ashenzari the Shackled
  9149 | D:5      | Found an ancient bone altar of Kikubaaqudgha.
  9362 | D:6      | Noticed Menkaure
  9367 | D:6      | Killed Menkaure
  9368 | D:6      | Reached skill level 5 in Stealth
  9623 | D:6      | Reached skill level 1 in Shields
  9644 | D:6      | Found a glowing drain.
  9694 | Sewer    | Entered a sewer
  9847 | Sewer    | Reached XP level 9. HP: 51/61 MP: 12/12
 10531 | D:6      | Reached skill level 5 in Transmutations
 11139 | D:4      | Killed Robin
 11297 | D:4      | Killed Natasha
 12414 | D:7      | Reached skill level 1 in Evocations
 14314 | D:8      | Noticed Joseph
 14632 | D:8      | Reached XP level 10. HP: 48/67 MP: 13/13
 15052 | D:4      | Killed Pikel
 15077 | D:4      | Noticed Natasha
 15087 | D:4      | Killed Natasha
 15624 | D:8      | Reached * piety under Ashenzari
 15702 | D:8      | Noticed a gargoyle
 15723 | D:8      | Noticed a rakshasa
 15756 | D:8      | Reached skill level 5 in Short Blades
 15817 | D:8      | Found a runed translucent door.
 15818 | D:8      | Noticed MrDizzy's ghost (novice TeSu)
 15831 | D:8      | Killed Joseph
 16034 | D:8      | Found a staircase to the Lair.
 16175 | D:8      | Identified a +0 pair of boots of running (You found it on
                  | level 8 of the Dungeon)
 16455 | D:9      | Found an iron altar of Okawaru.
 16460 | D:9      | Noticed a two-headed ogre
 16752 | D:9      | Killed a two-headed ogre
 17276 | D:9      | Reached skill level 5 in Spellcasting
 17408 | D:9      | Reached XP level 11. HP: 48/72 MP: 10/18
 17752 | D:9      | Found a staircase to the Orcish Mines.
 18468 | D:9      | Found a roughly hewn altar of Beogh.
 18498 | D:8      | Learned a level 5 spell: Lee's Rapid Deconstruction
 19202 | D:5      | Bought the amulet "Exkuot" {Reflect +Inv SH+5} for 484 gold
                  | pieces
 19358 | D:10     | Entered Level 10 of the Dungeon
 19368 | D:10     | Noticed a two-headed ogre
 19436 | D:10     | Paralysed by a hornet for 1 turns
 19438 | D:10     | Paralysed by a hornet for 2 turns
 19553 | D:10     | Noticed a purple ugly thing
 19640 | D:9      | Killed a purple ugly thing
 19835 | D:10     | Noticed Erolcha
 20026 | D:10     | Noticed a manticore
 20038 | D:10     | Killed a manticore
 20179 | D:10     | Noticed a two-headed ogre
 20397 | D:10     | Killed a two-headed ogre
 21338 | D:10     | Identified the +0 leather armour of the Accordion {*Drain
                  | rCorr Int+4}
 21722 | D:10     | Killed a two-headed ogre
 22777 | D:11     | Reached skill level 5 in Evocations
 22886 | D:11     | Reached ** piety under Ashenzari
 22889 | D:11     | Noticed Sonja
 22890 | D:11     | Found the +12 Vampire's Tooth {vamp}
 22893 | D:11     | Noticed Grum
 22894 | D:11     | Killed Sonja
 22895 | D:11     | Reached XP level 12. HP: 78/78 MP: 10/19
 22933 | D:11     | Killed Grum
 22934 | D:11     | Reached skill level 5 in Dodging
 23145 | D:11     | Noticed a two-headed ogre
 23157 | D:11     | Killed a two-headed ogre
 23359 | D:11     | Reached skill level 10 in Earth Magic
 23410 | D:11     | Noticed Psyche
 23420 | D:11     | Killed Psyche
 24018 | D:11     | Learned a level 1 spell: Apportation
 24051 | D:12     | Noticed a two-headed ogre
 24154 | Lair:1   | Entered Level 1 of the Lair of Beasts
 24247 | Lair:1   | Reached skill level 3 in Fighting
 24589 | Lair:1   | Reached *** piety under Ashenzari
 24941 | Lair:1   | Identified the +8 quarterstaff of the Dwarven Hall
                  | {protect, +Rage MP+9 Dex-5}
 25632 | Lair:2   | Found a hole to the Spider Nest.
 26389 | Lair:3   | Reached skill level 4 in Fighting
 26469 | Lair:3   | Noticed a boulder beetle
 26483 | Lair:3   | Killed a boulder beetle
 26645 | Lair:3   | Reached **** piety under Ashenzari
 26679 | Lair:3   | Reached XP level 13. HP: 90/90 MP: 13/20
 26763 | Lair:3   | Noticed a boulder beetle
 26771 | Lair:3   | Killed a boulder beetle
 26772 | Lair:3   | Reached skill level 5 in Fighting
 27406 | Lair:4   | Found a staircase to the Swamp.
 27601 | Lair:4   | Noticed a six-headed hydra
 27609 | Lair:4   | Killed a six-headed hydra
 27610 | Lair:4   | Reached skill level 6 in Fighting
 28574 | Lair:5   | Found a staircase to the Slime Pits.
 28774 | Lair:5   | Noticed Rupert
 28780 | Lair:5   | Paralysed by Rupert for 3 turns
 28843 | Lair:4   | Learned a level 1 spell: Animate Skeleton
 28847 | Lair:4   | Learned a level 3 spell: Confusing Touch
 28876 | Lair:6   | Entered Level 6 of the Lair of Beasts
 29010 | Lair:6   | Reached skill level 7 in Fighting
 29136 | Lair:6   | Noticed a catoblepas
 29144 | Lair:6   | Killed a catoblepas
 29557 | Lair:6   | Reached XP level 14. HP: 90/103 MP: 21/21
 30022 | Lair:6   | Reached skill level 8 in Fighting
 30022 | Lair:6   | Reached skill level 10 in Stealth
 30158 | Lair:6   | Reached ***** piety under Ashenzari
 30589 | Lair:6   | Found a bloodstained altar of Trog.
 30684 | Lair:6   | Reached skill level 10 in Dodging
 30691 | Lair:6   | Reached skill level 9 in Fighting
 31271 | Orc:1    | Entered Level 1 of the Orcish Mines
 31310 | Orc:2    | Entered Level 2 of the Orcish Mines
 31363 | Orc:1    | Found Pathrud's Book Shop.
 31461 | Orc:2    | Found a dark tunnel.
 31494 | Volcano  | Entered a volcano
 31689 | Volcano  | Identified the +0 pair of boots of Xoqug {Will+ Str-3
                  | Int+2}
 31702 | Volcano  | Reached XP level 15. HP: 112/113 MP: 20/22
 31901 | Orc:2    | Found Atzudari's Distillery.
 31901 | Orc:2    | Found Nexzedgh's Antique Weapon Emporium.
 31920 | Orc:2    | Found Diunon's Book Shoppe.
 31929 | Orc:2    | Found Ytwus's General Store.
 32197 | Orc:2    | Found a staircase to the Elven Halls.
 32219 | Orc:2    | Found Odiuff's Magic Scroll Emporium.
 33366 | D:12     | Found Rigan's Assorted Antiques.
 33369 | D:12     | Bought a scroll of enchant armour for 247 gold pieces
 33527 | D:12     | Reached skill level 10 in Fighting
 34571 | D:13     | Found a portal to a secret trove of treasure.
 34623 | D:13     | Noticed Kirke
 34628 | D:13     | Killed Kirke
 34963 | D:13     | Noticed Nessos
 34965 | D:13     | Killed Nessos
 35433 | D:14     | Found a gate leading to a gauntlet.
 35444 | Gauntlet | Entered a Gauntlet
 35444 | Gauntlet | Found a transporter.
 35453 | Gauntlet | Found a transporter.
 35465 | Gauntlet | Found a transporter.
 35469 | Gauntlet | Found a transporter.
 35479 | Gauntlet | Found a transporter.
 35499 | Gauntlet | Found a transporter.
 35512 | Gauntlet | Found a transporter.
 35514 | Gauntlet | Identified the ring "Xukirch" {Fire MP-9 Str+6 Dex+3}
 35532 | Gauntlet | Found a transporter.
 35536 | Gauntlet | Found a transporter.
 35544 | Gauntlet | Found a transporter.
 35568 | Gauntlet | Found a transporter.
 35569 | Gauntlet | Found a transporter.
 35611 | Gauntlet | Identified the amulet "Yjoul" {Inacc rN+}
 35732 | Gauntlet | Got the uncursed cloak "Viguarim" {rElec}
 35746 | Gauntlet | Learned a level 5 spell: Borgnjor's Vile Clutch
 35756 | Gauntlet | Identified the +2 cloak "Viguarim" {rElec} (You found it in
                  | a Gauntlet)
 36194 | D:14     | Reached skill level 1 in Necromancy
 36261 | D:14     | Identified the cursed +3 whip of Malaise {venom, rElec
                  | rPois Int+5 Dex-3}
 36308 | D:14     | Identified the +4 chain mail of Hangman {Dex+3}
 36413 | D:14     | Reached skill level 11 in Fighting
 36436 | D:14     | Reached skill level 1 in Armour
 36478 | D:14     | Reached XP level 16. HP: 125/125 MP: 23/23
 37178 | D:14     | Found a gate to the Vaults.
 38169 | D:15     | Entered Level 15 of the Dungeon
 38182 | D:15     | Found a staircase to the Depths.
 38182 | D:15     | Noticed a fire giant
 38559 | D:15     | Reached skill level 1 in Conjurations
 38576 | D:15     | Killed a fire giant
 39604 | Spider:1 | Entered Level 1 of the Spider Nest
 39670 | Lair:2   | HP: 6/127 [poisoned by a redback]
 39676 | Lair:2   | HP: 5/127 [poisoned by a redback]
 39682 | Lair:2   | HP: 5/127 [poisoned by a redback]
 39690 | Lair:2   | HP: 5/127 [poisoned by a redback]
 40263 | Swamp:1  | Entered Level 1 of the Swamp
 40461 | Swamp:1  | Reached skill level 5 in Necromancy
 40584 | Swamp:1  | Reached skill level 5 in Armour
 40745 | Swamp:1  | Reached skill level 12 in Fighting
 40755 | Swamp:1  | Reached XP level 17. HP: 133/133 MP: 9/24
 41240 | Swamp:1  | Noticed a tentacled monstrosity
 41244 | Swamp:1  | Reached ****** piety under Ashenzari
 41285 | Swamp:1  | Killed a tentacled monstrosity
 41386 | Swamp:1  | Paralysed by a fenstrider witch for 2 turns
 44541 | Swamp:4  | Entered Level 4 of the Swamp
 45616 | Swamp:4  | Upgraded the game from 0.27-a0-287-gd4424db to
                  | 0.27-a0-291-gd9602db
 46261 | Swamp:4  | Learned a level 6 spell: Statue Form
 46527 | Swamp:4  | Reached skill level 13 in Fighting
 46999 | Swamp:4  | Got a decaying rune of Zot
 47217 | Spider:1 | Reached XP level 18. HP: 143/143 MP: 25/25
 49627 | Spider:3 | Reached skill level 10 in Necromancy
 50406 | Spider:4 | Entered Level 4 of the Spider Nest
 50524 | Spider:4 | Reached skill level 14 in Fighting
 50606 | Spider:4 | Reached XP level 19. HP: 152/152 MP: 0/26
 50637 | Spider:4 | Reached skill level 10 in Armour
 50683 | Spider:4 | Found a frozen archway.
 50746 | IceCv    | Entered an ice cave
 51483 | IceCv    | Noticed an Ice Fiend
 51982 | IceCv    | Killed an Ice Fiend
 52679 | Spider:4 | Got a gossamer rune of Zot
 53242 | Elf:1    | Entered Level 1 of the Elven Halls
 53586 | Elf:1    | Reached skill level 15 in Fighting
 53950 | Elf:1    | Found a runed translucent door.
 54039 | Elf:1    | Identified a +1 pair of boots of running
 54039 | Elf:1    | Identified Vegoses's Grimoire of the Oath and Transmutation
 54146 | Elf:1    | Reached XP level 20. HP: 149/162 MP: 27/27
 54334 | Elf:1    | Learned a level 2 spell: Wereblood
 54638 | Elf:1    | Reached skill level 5 in Shields
 54700 | Elf:1    | Identified the Compendium of Supportive Confrontation
 54895 | Elf:1    | Found Zuziro's Antique Weapon Shoppe.
 55042 | Elf:1    | Identified the +8 battleaxe "Binkoleodd" {vorpal, Int+6
                  | Dex+4}
 55712 | Elf:2    | Found a runed translucent gate.
 55712 | Elf:2    | Found a runed translucent gate.
 55951 | Elf:2    | Found a runed translucent gate.
 56269 | Elf:3    | Entered Level 3 of the Elven Halls
 56298 | Elf:3    | Found a flickering gateway to a bazaar.
 56327 | Bazaar   | Entered a bazaar
 56327 | Bazaar   | Found Rookoj's General Store.
 56333 | Bazaar   | Found Ceffus's Book Shop.
 56353 | Bazaar   | Found Bilosen's Magic Scroll Emporium.
 56362 | Bazaar   | Found Qoeli Cuky's Assorted Antiques.
 56366 | Bazaar   | Found Ughomus's Assorted Antiques.
 56368 | Bazaar   | Bought a scroll of blinking for 217 gold pieces
 56373 | Bazaar   | Bought a brightly glowing gossamer ring for 170 gold pieces
 56373 | Bazaar   | Identified the ring of Daqot {rF+ rC+ Int+4 Stlth+} (You
                  | bought it in a shop in a bazaar)
 56417 | Bazaar   | Bought a book of Spatial Translocations for 780 gold pieces
 56457 | Elf:3    | Learned a level 2 spell: Blink
 56523 | Elf:3    | Reached skill level 1 in Translocations
 57358 | Elf:3    | Cast into level 3 of the Abyss (a deep elf sorcerer)
 57419 | Elf:3    | Escaped the Abyss
 57709 | Elf:3    | Reached skill level 16 in Fighting
 57829 | Elf:3    | Reached XP level 21. HP: 143/171 MP: 24/30
 57830 | Elf:3    | Reached skill level 10 in Transmutations
 57942 | Elf:3    | Identified the cursed +1 ring mail "Acaefuy" {Rampage rC+
                  | rN+ SInv}
 57942 | Elf:3    | Identified the ring of Orany {Ice rElec rPois Int+4}
 58027 | Elf:3    | Found the +8 mithril axe "Arga" {speed, Will+}
 58135 | Elf:3    | Identified the cursed +0 hand crossbow of the Nine Souls
                  | {freeze, *Drain rElec Int-5 Dex+9}
 58139 | Elf:3    | Identified the +1 shortbow of Fear {vorpal, Int+3 SInv}
 58140 | Elf:3    | Identified the +7 shortbow of Huabait {vorpal, rElec Int+4
                  | Dex+2}
 58140 | Elf:3    | Identified the +6 short sword "Riamiewk" {flame, rC+ Dex+3}
 58140 | Elf:3    | Found the +2 Maxwell's thermic engine {flame, freeze}
 58246 | Elf:3    | Identified the Incunabulum of Dusty Poisoning
 58254 | Elf:3    | Identified Sif Muna's Compendium of Weightlessness and
                  | Sinister Arts
 58971 | D:10     | Killed Erolcha
 59103 | Vaults:1 | Entered Level 1 of the Vaults
 59292 | Vaults:1 | Reached skill level 5 in Translocations
 59614 | Vaults:1 | Learned a level 3 spell: Lesser Beckoning
 60366 | Vaults:1 | Identified the +0 ring mail of the Elven Halls {rC+ rCorr
                  | Int+4} (You found it on level 1 of the Vaults)
 61247 | Vaults:2 | Noticed Asterion
 61259 | Vaults:2 | Killed Asterion
 61279 | Vaults:2 | Reached XP level 22. HP: 180/180 MP: 24/33
 61348 | Vaults:2 | Learned a level 6 spell: Iron Shot
 61353 | Vaults:2 | Learned a level 4 spell: Animate Dead
 61384 | Vaults:2 | Reached skill level 10 in Shields
 61558 | Vaults:2 | Identified the +6 hand axe of Xuihalid {elec, Str+4}
 62368 | Vaults:2 | Reached skill level 17 in Fighting
 62747 | Vaults:3 | Noticed Nikola
 62812 | Vaults:3 | Killed Nikola
 63249 | Vaults:3 | Reached XP level 23. HP: 181/188 MP: 36/36
 63570 | Vaults:3 | Found Pokumit's Jewellery Shoppe.
 63620 | Vaults:3 | Identified a scroll of acquirement
 63621 | Vaults:3 | Acquired a book of Death
 63792 | Vaults:3 | Found a staircase to the Crypt.
 63792 | Vaults:3 | Found a basalt altar of Yredelemnul.
 63792 | Vaults:3 | Found an ancient bone altar of Kikubaaqudgha.
 64167 | Vaults:4 | Reached skill level 10 in Spellcasting
 64182 | Vaults:4 | Learned a level 5 spell: Irradiate
 64970 | Vaults:4 | Cast into level 3 of the Abyss (a deep elf sorcerer)
 64990 | Abyss:3  | Found a sparkling altar of Nemelex Xobeh.
 65138 | Abyss:3  | Paralysed by accursed screaming for 1 turns
 65144 | Abyss:3  | Paralysed by accursed screaming for 1 turns
 65177 | Abyss:3  | Reached skill level 18 in Fighting
 65200 | Abyss:3  | Got an abyssal rune of Zot
 65481 | Abyss:4  | Found a corrupted altar of Lugonu.
 65492 | Abyss:4  | Reached XP level 24. HP: 171/199 MP: 37/37
 65509 | Abyss:4  | Found a corrupted altar of Lugonu.
 65629 | Abyss:4  | Paralysed by accursed screaming for 1 turns
 65633 | Vaults:4 | Escaped the Abyss
 66659 | Vaults:4 | Found Bacrafre's Magic Scroll Shoppe.
 66667 | Vaults:4 | Bought a scroll of teleportation for 45 gold pieces
 66926 | Depths:1 | Entered Level 1 of the Depths
 67657 | Depths:1 | Reached XP level 25. HP: 206/206 MP: 31/37
 67880 | Depths:1 | Found a one-way gate leading to the halls of Pandemonium.
 67946 | Depths:1 | Reached skill level 19 in Fighting
 68084 | Depths:1 | Found a gateway to Hell.
 68546 | Depths:1 | Found a white marble altar of Elyvilon.
 68546 | Depths:1 | Found a glowing golden altar of the Shining One.
 68546 | Depths:1 | Found a glowing silver altar of Zin.
 69230 | Elf:3    | Learned a level 4 spell: Animate Armour
 69931 | Depths:2 | Found a runed translucent gate.
 69932 | Depths:2 | Found a runed translucent gate.
 69933 | Depths:2 | Found a runed translucent gate.
 69934 | Depths:2 | Noticed Faukhymm's ghost (adept SpBe)
 69935 | Depths:2 | Noticed taqueso's ghost (adept DsBe)
 69935 | Depths:2 | Noticed Vaum's ghost (adept DsFi)
 69935 | Depths:2 | Noticed Xoigiphe's ghost (veteran MfBe)
 69935 | Depths:2 | Noticed Zaaphus's ghost (adept TrMo)
 69936 | Depths:2 | Identified the ring of Pikiz {AC+4 Str+2 Dex+7}
 70565 | Depths:2 | Noticed a juggernaut
 70794 | Depths:2 | Found a bloodstained altar of Trog.
 70795 | Depths:2 | Identified the cursed +0 plate armour of Pride {-Cast Harm
                  | rF++ MP+9}
 70795 | Depths:2 | Found the +8 Wrath of Trog {antimagic, *Rage}
 70834 | Depths:2 | Found a transporter.
 70858 | Depths:2 | Found a transporter.
 70870 | Depths:2 | Found a runed translucent door.
 70933 | Depths:2 | Killed a juggernaut
 71372 | Depths:3 | Paralysed by a floating eye for 2 turns
 72007 | Vaults:3 | Bought the ring "Dekligg" {rElec rF+ MP+9 Str+7} for 1169
                  | gold pieces
 72215 | Vaults:5 | Entered Level 5 of the Vaults
 72247 | Vaults:5 | Reached skill level 5 in Conjurations
 72255 | Vaults:5 | Reached skill level 15 in Dodging
 72291 | Vaults:5 | Noticed a dread lich
 72326 | Vaults:5 | Killed a dread lich
 72327 | Vaults:5 | Reached XP level 26. HP: 203/217 MP: 37/37
 72622 | Vaults:5 | Noticed Saint Roka
 72670 | Vaults:5 | Killed Saint Roka
 72812 | Vaults:5 | Reached skill level 20 in Fighting
 72882 | Vaults:5 | Reached skill level 15 in Armour
 72911 | Vaults:5 | Gained mutation: Your magical capacity is low. (-10% MP) [a
                  | cacodemon]
 72921 | Vaults:5 | Gained mutation: Armour fits poorly on your strangely
                  | shaped body. [a cacodemon]
 73403 | Vaults:5 | Identified the +0 leather armour "Umpeimur" {Str+6 Int-4
                  | Stlth+}
 73479 | Vaults:5 | Noticed a dread lich
 73495 | Vaults:5 | Killed a dread lich
 73544 | Vaults:5 | Reached XP level 27. HP: 224/224 MP: 5/33
 74081 | Vaults:5 | Got a silver rune of Zot
 74208 | Vaults:5 | Identified the +3 mace of a Labyrinth {pain, rF+}
 74277 | Vaults:5 | Acquired the cursed ring of the Serpent {*Contam rC++ Str+2
                  | Int+6 Dex+3}
 74278 | Vaults:5 | Acquired 715 gold pieces
 74673 | Depths:3 | Reached skill level 15 in Earth Magic
 74709 | Depths:3 | Found a runed translucent door.
 75605 | Depths:3 | Found a glowing golden altar of the Shining One.
 75659 | Depths:3 | Found a hide-covered altar of Uskayaw.
 75660 | Depths:3 | Found a sacrificial altar of Ru.
 75660 | Depths:3 | Found a blossoming altar of Fedhas.
 75721 | Depths:3 | Noticed a juggernaut
 75740 | Depths:3 | Killed a juggernaut
 75741 | Depths:3 | Reached skill level 10 in Conjurations
 76273 | Depths:3 | Identified the +8 scimitar of Onlial {pain, rPois Str+5}
 76485 | Depths:3 | Found a gateway to a ziggurat.
 76561 | Depths:3 | Reached skill level 1 in Axes
 77094 | Depths:3 | Reached skill level 5 in Axes
 77753 | Depths:4 | Reached skill level 10 in Axes
 77839 | Depths:4 | Found a one-way gate to the infinite horrors of the Abyss.
 78352 | Depths:4 | Noticed Boris
 78380 | Depths:4 | Killed Boris
 78783 | Depths:4 | Lost mutation: Your magical capacity is low. (-10% MP)
                  | [potion of mutation]
 78783 | Depths:4 | Lost mutation: Armour fits poorly on your strangely shaped
                  | body. [potion of mutation]
 78783 | Depths:4 | Gained mutation: You possess an exceptional clarity of
                  | mind. [potion of mutation]
 78783 | Depths:4 | Gained mutation: You have large cloven feet. [potion of
                  | mutation]
 78783 | Depths:4 | Gained mutation: You have a pair of small antennae on your
                  | head. [potion of mutation]
 78784 | Depths:4 | Lost mutation: You have large cloven feet. [potion of
                  | mutation]
 78784 | Depths:4 | Lost mutation: You have a pair of small antennae on your
                  | head. [potion of mutation]
 78784 | Depths:4 | Lost mutation: You possess an exceptional clarity of mind.
                  | [potion of mutation]
 78784 | Depths:4 | Gained mutation: Your muscles are strong. (Str +2) [potion
                  | of mutation]
 78784 | Depths:4 | Gained mutation: You are agile. (Dex +2) [potion of
                  | mutation]
 78784 | Depths:4 | Gained mutation: Your mind is acute. (Int +2) [potion of
                  | mutation]
 79026 | Depths:5 | Entered Level 5 of the Depths
 79192 | Depths:5 | Reached skill level 15 in Axes
 79318 | Depths:5 | Noticed Jory
 79339 | Depths:5 | Learned a level 4 spell: Dispel Undead
 79342 | Depths:5 | Learned a level 2 spell: Passwall
 79356 | Depths:5 | Killed Jory
 79357 | Depths:5 | Reached skill level 1 in Hexes
 79583 | Depths:5 | Found a gate to the Realm of Zot.
 79787 | Depths:5 | Noticed Louise
 79798 | Depths:5 | Killed Louise
 81026 | Crypt:1  | Entered Level 1 of the Crypt
 81143 | Crypt:1  | Reached skill level 5 in Hexes
 81210 | Crypt:1  | Reduced skill Conjurations to level 5
 83192 | Crypt:3  | Entered Level 3 of the Crypt
 83592 | Crypt:3  | Learned a level 5 spell: Silence
 83643 | Crypt:3  | Noticed an ancient lich
 83670 | Crypt:3  | Killed an ancient lich
 83922 | Crypt:3  | Noticed Frederick
 83937 | Crypt:3  | Killed Frederick
 83958 | Crypt:3  | Found a staircase to the Tomb.
 84381 | Crypt:3  | Reached skill level 10 in Hexes
 84698 | Crypt:3  | Found an ancient bone altar of Kikubaaqudgha.
 84701 | Crypt:3  | Found a basalt altar of Yredelemnul.
 84763 | Crypt:3  | Identified Sif Muna's Catalogue of Earthen Confrontation
 85543 | Zot:1    | Entered Level 1 of the Realm of Zot
 85761 | Zot:1    | Identified the +0 robe of a wizard's laboratory {Harm +Fly
                  | Str-4 Int+4}
 86457 | Zot:2    | Noticed an ancient lich
 86510 | Zot:2    | HP: 11/226 [acid (8)]
 86512 | Zot:1    | Killed from afar by a purple draconian

Illustrated notes

Levels and vault maps discovered:
D:1:      kilobyte_arrival_exit_the_forest, layout_basic, minmay_pentomino_q2
D:2:      layout_basic, lemuel_round_altar
D:3:      layout_rooms, lemuel_doored_altar, uniq_grinder
D:4:      layout_cave_pods, nicolae_ru_awakened_eye, uniq_natasha, uniq_pikel,
          uniq_robin
D:5:      layout_basic, regret_index_temple_of_mockery, general_overflow_altar,
          marbit_many_paths, lemuel_crystal_altar,
          minmay_temple_entry_overgrown, serial_shops, shop, basic_altar
D:6:      layout_basic, gup_sewer_entry_pipe, kennysheep_diamond, uniq_menkaure
D:7:      layout_cave_pools
D:8:      layout_cave_pools, grunt_lair_entry_orc_guard_hut,
          ebering_ghost_inner_flame, minivault_12, uniq_joseph
D:9:      layout_basic, kennysheep_mini, minmay_orc_entry_temple_small,
          special_room [special_room_orc]
D:10:     cheibrodos_fzero, layout_rooms, uniq_erolcha
D:11:     layout_grid_maze, serial_bayou_ford_a, uniq_sonja, uniq_grum,
          uniq_psyche
D:12:     layout_loops_cross, serial_shops, kennysheep_mini_moat,
          kennysheep_generic_room_13
D:13:     layout_basic, nicolae_trove_entry_crystal, uniq_kirke, uniq_nessos
D:14:     layout_loops_ring, david_vaults_4, gauntlet_entry_generic,
          chequers_decorated_corner, onia_ninara_dug_in_and_dangerous
D:15:     grunt_enter_depths_giant_problem, layout_loops_ring
Temple:   oiseaux_autumnal_temple
Lair:1:   layout_small_grid, serial_bayou_lake_a, lemuel_fruit_fields,
          serial_bayou_shore_b, serial_bayou_shore_b
Lair:2:   layout_big_grid, nicolae_spider_entry_non_spiders,
          minmay_lair_oklob_chamber, grunt_megastairs_4,
          infiniplex_staircase_pool
Lair:3:   layout_chaotic_city, grunt_megastairs_3
Lair:4:   layout_regular_city, swamp_mist, st_stairs_7, minivault_27
Lair:5:   layout_regular_city, minmay_slime_entry_pillars,
          infiniplex_staircase_pool_2, uniq_rupert
Lair:6:   guppyfry_lair_end_dragon, layout_long_grid, hangedman_lair_in_review,
          serial_bayou_pond_d, lemuel_oklob_altar, grunt_megastairs_5,
          lemuel_fruit_fields
Swamp:1:  cheibrodos_swamp_monstrosity, layout_falls_marsh,
          nicolae_swamp_trees_clearing, swamp_pool2
Swamp:2:  layout_basic_swamp, nicolae_swamp_dense_foliage, swamp_pool5
Swamp:3:  layout_falls_marsh, nicolae_swamp_round_clearing
Swamp:4:  swamp_icy, layout_basic_swamp, swamp_pool3
Spider:1: layout_spider_delve
Spider:2: layout_spider_delve
Spider:3: layout_chambers, guppyfry_spider_mini_3
Spider:4: grunt_spider_rune_circles, portal_ice_cave_entry_frozen_things
Orc:1:    layout_caves, serial_shops, nicolae_shop_behind_doors
Orc:2:    st_orc_rangers, layout_caves, serial_shops, shop,
          nicolae_volcano_entry_two_sided
Elf:1:    minmay_elf_arrival_plus, layout_geoelf_octagon, serial_sigils,
          serial_sigils_hangedman_shear, serial_sigils_hangedman_stare,
          serial_sigils_hangedman_quiver, serial_sigils_hangedman_carve,
          serial_sigils_hangedman_shear, serial_shops, shop, minmay_elf_sorcery,
          small_chamber_with_monster, minivault_13
Elf:2:    layout_gridlike, library_closet
Elf:3:    minmay_elf_hall_statues, layout_geoelf_castle, serial_shops,
          bzr_entry_gold, kilobyte_mutagenic_chamber
Vaults:1: v_misc_29, vaults_dpeg_hooks, v_misc_3,
          nicolae_vaults_mini_display_case, hangedman_vaults_nails, v_rooms_4,
          ontoclasm_vaults_ring_large, vaults_room_pools,
          vaults_room_stairs_pillars, dpeg_vaults_monster_box,
          nicolae_vaults_asterisk, grunt_vaults_diagonal,
          ontoclasm_vaults_ring_large, layout_vaults_ring
Vaults:2: vaults_room_semicircle, vaults_room_semicircle, v_alt_pattern_3,
          vaults_mumra_chevron, vaults_room_fours, v_pattern_4,
          nicolae_vaults_ring_of_whatevers, vaults_mumra_minichess,
          nicolae_vaults_circle_grid_b, dpeg_vaults_waves,
          vaults_room_large_hall, grunt_vaults_focal, v_rooms_2, v_misc_24,
          ontoclasm_vaults_loading_screen, v_misc_26, layout_vaults_omnibox,
          uniq_asterion
Vaults:3: vaults_dpeg_doors, nicolae_vaults_ninety_degrees,
          minmay_crypt_entry_necro_gods, nicolae_vaults_angled_halls,
          nicolae_vaults_border_crossing, ontoclasm_vaults_ring_small,
          nicolae_vaults_alarming, nicolae_vaults_little_ls, v_misc_26,
          hangedman_vaults_river_flow, layout_vaults_big_room, serial_shops,
          shop_fountains, uniq_nikola
Vaults:4: hangedman_vaults_maws, vaults_mumra_minichess_inversion,
          vaults_room_pool, v_misc_14, vaults_mumra_hexcomb,
          grunt_vaults_bifocal, nicolae_vaults_puzzle_piece,
          nicolae_vaults_disjoint_gnomons, ontoclasm_vaults_shuriken,
          hangedman_vaults_pinch, nicolae_vaults_rhombus_7,
          hangedman_vaults_impose, layout_vaults_omnicross, serial_shops,
          shop_coins
Vaults:5: uniq_saint_roka
Crypt:1:  layout_gridlike, grunt_crypt_arrival_guarded_gate, grunt_megastairs_1
Crypt:2:  layout_basic, nicolae_crypt_cryptocurrency, nicolae_crypt_ancient_font
Crypt:3:  lightli_unholy_cathedral, layout_chaotic_city,
          nicolae_tomb_entry_unfolded_pyramid_diagonal, uniq_frederick
Depths:1: layout_cave_shapes, grunt_hell_entry_dis_mu, pan_entry,
          hangedman_decor_clover_reticule, minmay_misc_feat_secret_circle,
          hallowed_hall
Depths:2: emtedronai_trogs_sanctum, layout_long_grid,
          hangedman_abyss_or_decor_lesser_grid, gammafunk_ghost_cemetery,
          pf_hell_entry_tar_river, minmay_staircase_statues
Depths:3: minmay_the_grid_ultimate [minmay_the_grid_prize_four_corners,
          minmay_the_grid_prize_trominoes, minmay_the_grid_prize_big_room,
          minmay_the_grid_prize_inner_circle,
          minmay_the_grid_square_5x5_three_walls,
          minmay_the_grid_square_5x5_detours,
          minmay_the_grid_square_5x5_pentomino_r,
          minmay_the_grid_square_5x5_doubleslash,
          minmay_the_grid_square_5x5_two_walls_a,
          minmay_the_grid_square_5x5_n_small, minmay_the_grid_square_5x5_n,
          minmay_the_grid_square_5x5_bridge,
          minmay_the_grid_square_5x5_checkered_sparse,
          minmay_the_grid_square_5x5_slash,
          minmay_the_grid_square_5x5_six_small, minmay_the_grid_square_5x5_comb,
          minmay_the_grid_square_5x5_lines, minmay_the_grid_square_5x5_v,
          minmay_the_grid_square_5x5_six,
          minmay_the_grid_triangle_9x9_intruding_spiral,
          minmay_the_grid_triangle_9x9_odd_lines,
          minmay_the_grid_triangle_9x9_impossible_snake,
          minmay_the_grid_triangle_9x9_pentomino_pain,
          minmay_the_grid_triangle_9x9_corruption,
          minmay_the_grid_triangle_9x9_longest,
          minmay_the_grid_triangle_9x9_flanged_cone,
          minmay_the_grid_triangle_9x9_semitri,
          minmay_the_grid_triangle_9x9_stretched_checkered,
          minmay_the_grid_triangle_9x9_sparse_checkered,
          minmay_the_grid_triangle_9x9_swiss_cheese,
          minmay_the_grid_triangle_9x9_descending_squares,
          minmay_the_grid_triangle_9x9_steps,
          minmay_the_grid_triangle_9x9_empty,
          minmay_the_grid_triangle_9x9_subtriangle,
          minmay_the_grid_triangle_9x9_limited_checkers,
          minmay_the_grid_square_5x5_moneybag,
          minmay_the_grid_octo_thin_diamonds, minmay_the_grid_octo_checkered,
          minmay_the_grid_octo_shrine, minmay_the_grid_octo_pinwheel,
          minmay_the_grid_octo_empty, minmay_the_grid_octo_toaster,
          minmay_the_grid_octo_focus, minmay_the_grid_octo_tetromino_candy,
          minmay_the_grid_spikes, minmay_the_grid_small_cups,
          minmay_the_grid_minigrid_medium, minmay_the_grid_broken_lines],
          pan_entry, hell_entry, serial_shops
Depths:4: minmay_glassy_protrusions, layout_cross, rand_demon_pan_entry_1,
          minmay_holes, hell_entry, abyss_entry,
          minmay_staircase_statues_hall_small, serial_bayou_shore_b, uniq_boris
Depths:5: grunt_crosshair, layout_gridville,
          nicolae_abyss_entry_one_way_or_another, serial_bayou,
          serial_bayou_pond_e, serial_bayou_pond_c, serial_bayou_pond_a,
          serial_bayou_crossing, hangedman_coc_ice_floe, uniq_jory
Zot:1:    kennysheep_blocky_hall, layout_misc_corridors
Zot:2:    lemuel_halls_of_wrath, layout_onion_interference, lemuel_lich_library

Skill      XL: |  1  2  3  4  5  6  7  8  9 10 11 12 13 14 15 16 17 18 19 20 21 22 23 24 25 26 27 |
---------------+----------------------------------------------------------------------------------+-----
Earth Magic    | 4 5 6 7 8 9 10 11 12 13 14 15 | 15.8
Fighting       | 1 2 4 7 9 11 12 13 14 15 16 17 18 19 20 | 20.6
Short Blades   | 1 2 3 6 7 8 |  8.0
Transmutations | 2 3 4 6 7 8 9 10 | 10.5
Stealth        | 3 5 6 7 9 11 12 13 | 13.0
Shields        | 1 3 4 7 9 12 | 12.3
Evocations     | 2 5 7 8 9 |  9.0
Spellcasting   | 5 6 7 9 10 | 10.0
Dodging        | 4 6 8 10 11 12 13 15 17 19 | 19.3
Necromancy     | 1 5 7 10 11 | 11.9
Armour         | 1 5 7 9 11 12 13 14 15 17 | 17.4
Conjurations   | 2 3 4 5 8 4 |  4.6
Translocations | 3 6 |  6.0
Axes           | 18 | 18.0
Hexes          | 10 | 10.8

Action                   |  1- 3 |  4- 6 |  7- 9 | 10-12 | 13-15 | 16-18 | 19-21 | 22-24 | 25-27 || total
-------------------------+-------+-------+-------+-------+-------+-------+-------+-------+-------++-------
Melee: Unarmed           |    24 |       |       |     5 |       |       |       |     3 |       ||    32
       Club              |   108 |       |       |       |       |       |       |       |       ||   108
       Dagger            |       |   274 |   648 |   556 |       |       |       |       |       ||  1478
       Quick blade       |       |       |       |   277 |  1708 |  2256 |  1893 |  1609 |  2599 || 10342
       Broad axe         |       |       |       |       |       |       |       |       |  1288 ||  1288
 Cast: Sandblast         |    16 |    45 |    74 |    55 |     1 |       |       |       |       ||   191
       Passwall          |       |     2 |    12 |     2 |    17 |     5 |     2 |       |     1 ||    41
       Petrify           |       |       |    16 |    95 |    57 |    25 |       |       |       ||   193
       Lee's Rapid Decon |       |       |       |     2 |     5 |    20 |     4 |       |       ||    31
       Borgnjor's Vile C |       |       |       |       |       |    70 |    84 |    35 |    85 ||   274
       Statue Form       |       |       |       |       |       |    17 |    26 |    14 |    39 ||    96
       Wereblood         |       |       |       |       |       |       |       |     5 |     5 ||    10
       Irradiate         |       |       |       |       |       |       |       |     2 |     6 ||     8
       Lesser Beckoning  |       |       |       |       |       |       |       |     2 |     1 ||     3
       Animate Armour    |       |       |       |       |       |       |       |       |     5 ||     5
       Iron Shot         |       |       |       |       |       |       |       |       |     6 ||     6
       Dispel Undead     |       |       |       |       |       |       |       |       |     5 ||     5
       Animate Dead      |       |       |       |       |       |       |       |       |     1 ||     1
       Silence           |       |       |       |       |       |       |       |       |     1 ||     1
Invok: Curse Item        |       |       |     2 |     4 |     2 |     3 |     3 |       |     2 ||    16
       Scrying           |       |       |       |       |       |       |       |     1 |     2 ||     3
       Transfer Knowledg |       |       |       |       |       |       |       |       |     2 ||     2
 Abil: Evoke Invisibilit |       |       |       |       |     2 |       |     4 |     2 |     1 ||     9
       End Transformatio |       |       |       |       |       |     3 |     5 |     2 |     1 ||    11
Evoke: Wand              |       |       |    18 |     3 |       |     4 |     3 |     3 |     7 ||    38
       Phantom mirror    |       |       |       |       |     1 |       |       |       |       ||     1
       Condenser vane    |       |       |       |       |       |     1 |     3 |     3 |     2 ||     9
  Use: Scroll            |     2 |     6 |    12 |     4 |    10 |     7 |     6 |     7 |    16 ||    70
       Potion            |       |     1 |     1 |     1 |     3 |     3 |     2 |     7 |     7 ||    25
 Stab: Sleeping          |     2 |     3 |     9 |    17 |    44 |    16 |    31 |    25 |    47 ||   194
       Distracted        |       |       |     1 |     1 |     6 |     2 |     2 |     4 |     8 ||    24
       Petrified         |       |       |     9 |    48 |    23 |     8 |       |       |       ||    88
       Petrifying        |       |       |     3 |    39 |    30 |    12 |       |       |       ||    84
       Invisible         |       |       |       |       |    15 |       |    12 |    11 |     8 ||    46
       Paralysed         |       |       |       |       |       |       |       |     1 |       ||     1
Armor: Robe              |    47 |    42 |       |   101 |    64 |    12 |       |       |       ||   266
       Leather armour    |       |    28 |   168 |     4 |       |       |       |       |       ||   200
       Fire dragon scale |       |       |       |       |       |    84 |    60 |    86 |     3 ||   233
       Swamp dragon scal |       |       |       |       |       |   129 |    52 |       |       ||   181
       Skin              |       |       |       |       |       |   269 |   252 |   198 |   395 ||  1114
       Pearl dragon scal |       |       |       |       |       |       |       |       |   274 ||   274
Dodge: Dodged            |    98 |   191 |   378 |   266 |   428 |  1283 |   830 |   532 |  1442 ||  5448
Block: Buckler           |       |       |    90 |   205 |   327 |  1014 |   514 |       |       ||  2150
       Reflection        |       |       |       |     7 |    19 |     5 |    35 |    35 |    57 ||   158
       Other             |       |       |       |     1 |       |       |       |       |       ||     1
       Kite shield       |       |       |       |       |       |       |   418 |  1038 |  2330 ||  3786

Table legend: (Time is in decaauts)
 A = Elapsed time spent in this place.
 B = Non-inter-level travel time spent in this place.
 C = Inter-level travel time spent in this place.
 D = Time resting spent in this place.
 E = Time spent auto-exploring this place.
 F = Levels seen in this place.
 G = Mean time per level.
                   A        B        C        D        E       F      G
               +--------+--------+--------+--------+--------+-----+--------+
         Total |  78216 |  71102 |   7114 |  19247 |  34887 |  58 | 1348.6 |
       Dungeon |  29111 |  25490 |   3621 |   9002 |  11257 |  15 | 1940.7 |
        Temple |    310 |    270 |     40 |      0 |    268 |   1 |  310.0 |
          Lair |   6815 |   6285 |    530 |   1330 |   3855 |   6 | 1135.8 |
         Swamp |   6413 |   6266 |    147 |   3081 |   2127 |   4 | 1603.2 |
   Spider Nest |   3914 |   3778 |    136 |    504 |   2000 |   4 |  978.5 |
  Orcish Mines |   1237 |    987 |    250 |      0 |    675 |   2 |  618.5 |
   Elven Halls |   4908 |   4415 |    493 |    924 |   2257 |   3 | 1636.0 |
        Vaults |   8257 |   7361 |    896 |    818 |   4451 |   5 | 1651.4 |
         Crypt |   3994 |   3861 |    133 |    903 |   2015 |   3 | 1331.3 |
        Depths |   8806 |   7994 |    812 |   1056 |   4664 |   5 | 1761.2 |
           Zot |    897 |    845 |     52 |      0 |    656 |   2 |  448.5 |
         Abyss |    636 |    636 |      0 |    328 |      0 |   3 |  212.0 |
        Bazaar |    112 |    112 |      0 |      0 |     46 |   1 |  112.0 |
         Sewer |    567 |    567 |      0 |     77 |    253 |   1 |  567.0 |
      Ice Cave |   1406 |   1406 |      0 |    880 |    126 |   1 | 1406.0 |
       Volcano |    202 |    202 |      0 |      0 |     85 |   1 |  202.0 |
      Gauntlet |    623 |    623 |      0 |    339 |    144 |   1 |  623.0 |
               +--------+--------+--------+--------+--------+-----+--------+

Top non-repeatable levels by time:
     D:9: 4111 daAuts
     D:2: 2569 daAuts
Depths:3: 2478 daAuts
     D:8: 2412 daAuts
     D:4: 2262 daAuts
     D:7: 2246 daAuts
     D:1: 2100 daAuts
     D:6: 2098 daAuts
   Elf:3: 2006 daAuts
 Swamp:1: 1927 daAuts
     D:3: 1841 daAuts
   Elf:1: 1799 daAuts
Vaults:4: 1794 daAuts
Vaults:2: 1792 daAuts
Depths:2: 1726 daAuts
